 Dungeon Crawl Stone Soup version 0.28.0-47-ge53b351184 (webtiles) character file.

Game seed: 7863103439834531234

110 DearestLeader the Shield-Bearer (level 4, 0/41 HPs)
             Began as a Gnoll Fighter on Apr 27, 2022.
             Slain by a gnoll
             ... wielding a +0 halberd
              (6 damage)
             ... on level 3 of the Dungeon.
             The game lasted 00:04:53 (2309 turns).

DearestLeader the Shield-Bearer (Gnoll Fighter)     Turns: 2309, Time: 00:04:54

Health: 0/41       AC:  9    Str: 17    XL:     4   Next: 91%
Magic:  5/5        EV:  9    Int:  7    God:
Gold:   123        SH:  5    Dex: 12    Spells: 5/5 levels left

rFire   . . .      SeeInvis .   f - +0 hand axe (vorpal)
rCold   . . .      Faith    .   c - +0 buckler
rNeg    . . .      Spirit   .   b - +0 scale mail
rPois   .          Reflect  .   o - +0 helmet
rElec   .          Harm     .   (no cloak)
rCorr   .          Rampage  .   (no gloves)
Will    .....                   (no boots)
Stlth   ..........              (no amulet)
HPRegen 0.13/turn               (no ring)
MPRegen 0.09/turn               (no ring)

@: no status effects
A: fangs 1, strong nose, distributed training
a: no special abilities


You were on level 3 of the Dungeon.
You visited 1 branch of the dungeon, and saw 3 of its levels.

You collected 123 gold pieces.

Inventory:

Hand Weapons
 a - a +0 war axe
 f - a +0 vorpal hand axe (weapon)
Missiles
 k - 9 sling bullets
Armour
 b - a +0 scale mail (worn)
 c - a +0 buckler (worn)
 o - a +0 helmet (worn)
Scrolls
 h - a scroll of immolation {unknown}
 j - 2 scrolls of identify {unknown}
Potions
 d - a potion of might
 e - a potion of cancellation {unknown}
 g - 2 potions of degeneration {unknown}
 i - a potion of brilliance {unknown}
 l - a potion of curing {unknown}
 m - a potion of berserk rage {unknown}
 n - a potion of attraction {unknown}


   Skills:
 + Level 6.6 Fighting
 + Level 1.2 Short Blades
 + Level 1.2 Long Blades
 + Level 4.7 Axes
 + Level 1.2 Maces & Flails
 + Level 1.2 Polearms
 + Level 1.2 Staves
 + Level 1.2 Slings
 + Level 1.2 Bows
 + Level 1.2 Crossbows
 + Level 1.2 Throwing
 + Level 6.6 Armour
 + Level 1.2 Dodging
 + Level 1.2 Stealth
 + Level 6.6 Shields
 + Level 1.2 Unarmed Combat
 + Level 1.2 Spellcasting
 + Level 1.0 Conjurations
 + Level 1.0 Hexes
 + Level 1.0 Summonings
 + Level 1.0 Necromancy
 + Level 1.0 Translocations
 + Level 1.0 Transmutations
 + Level 1.0 Fire Magic
 + Level 1.0 Ice Magic
 + Level 1.0 Air Magic
 + Level 1.0 Earth Magic
 + Level 1.0 Poison Magic
 + Level 1.4 Invocations
 + Level 1.2 Evocations


You had 5 spell levels left.
You didn't know any spells.
Your spell library was empty.

Dungeon Overview and Level Annotations

Branches:
Dungeon (3/15)

Altars:


Innate Abilities, Weirdness & Mutations

You have very sharp teeth.
Your uncanny sense of smell can sniff out nearby items.
Your experience applies equally to all skills.


Message History

You finish putting on your +0 helmet.
There is a stone staircase leading down here.
You see here a hobgoblin skeleton.
You climb downwards.
There is a stone staircase leading up, spattered with blood here.
Nothing quivered!
A gnoll is nearby!
The gnoll hits you with a +0 halberd!
You hit the gnoll. Your bite misses the gnoll.
The gnoll is moderately wounded.
The gnoll hits you with a +0 halberd!
You are too injured to fight recklessly!
You are too injured to fight recklessly!
You hit the gnoll.
The gnoll is heavily wounded.
The gnoll hits you with a +0 halberd.
* * * LOW HITPOINT WARNING * * *
You closely miss the gnoll. You bite the gnoll, but do no damage.
The gnoll is heavily wounded.
The gnoll hits you but does no damage.
You hit the gnoll. You bite the gnoll, but do no damage.
The gnoll is almost dead.
The gnoll barely misses you.
You closely miss the gnoll.
The gnoll is almost dead.
The gnoll barely misses you.
You barely miss the gnoll. You bite the gnoll, but do no damage.
The gnoll is almost dead.
The gnoll closely misses you.
You barely miss the gnoll.
The gnoll is almost dead.
The gnoll closely misses you.
You barely miss the gnoll.
The gnoll is almost dead.
You block the gnoll's attack. The gnoll hits you with a +0 halberd.
* * * LOW HITPOINT WARNING * * *
You hit the gnoll but do no damage. You bite the gnoll, but do no damage.
The gnoll is almost dead.
The gnoll hits you with a +0 halberd.
You die...

... #.....#.### ....##
#.....#...# ......
+.....#.#.#
......##....##.#.#
#......#....##.#.#
#......#....##.#.# .#
#................# ####
...###....g.......###.....
#...####.@#####.......#
#...###.<# #...###.#
#......# #...# #.#
##.##..####..g# #.#
#..#.......g..# #.# .
##.##.#....Sg..# #.# ..#
#..##.#........# #.#
#...####†###..........###.#
.# #...#..#
####....#......#


You could see a gnoll.

Vanquished Creatures
  Robin (D:2)
  3 gnolls (D:2)
  2 adders (D:2)
  A worm (D:2)
  2 dart slugs (D:2)
  An orc (D:3)
  4 endoplasms
  2 giant cockroaches
  11 goblins
  8 hobgoblins
  A kobold (D:2)
  3 ball pythons
  2 bats (D:2)
  2 frilled lizards (D:2)
43 creatures vanquished.

Notes
Turn   | Place    | Note
-------+----------+-------------------------------------------
     0 | D:1      | DearestLeader the Gnoll Fighter began the quest for the
                  | Orb.
     0 | D:1      | Reached XP level 1. HP: 23/23 MP: 1/1
   153 | D:1      | Reached XP level 2. HP: 29/29 MP: 2/2
   960 | D:2      | Reached XP level 3. HP: 22/35 MP: 3/3
  1184 | D:2      | Reached skill level 1 in Invocations
  1326 | D:2      | Found a faded altar of an unknown god.
  1530 | D:2      | Reached skill level 1 in Short Blades
  1530 | D:2      | Reached skill level 1 in Long Blades
  1530 | D:2      | Reached skill level 1 in Maces & Flails
  1530 | D:2      | Reached skill level 1 in Polearms
  1530 | D:2      | Reached skill level 1 in Staves
  1530 | D:2      | Reached skill level 1 in Slings
  1530 | D:2      | Reached skill level 1 in Bows
  1530 | D:2      | Reached skill level 1 in Crossbows
  1530 | D:2      | Reached skill level 1 in Throwing
  1530 | D:2      | Reached skill level 1 in Dodging
  1530 | D:2      | Reached skill level 1 in Stealth
  1530 | D:2      | Reached skill level 1 in Unarmed Combat
  1530 | D:2      | Reached skill level 1 in Spellcasting
  1530 | D:2      | Reached skill level 1 in Evocations
  1862 | D:3      | Noticed Robin
  1886 | D:2      | Reached XP level 4. HP: 34/41 MP: 5/5
  2167 | D:2      | Reached skill level 1 in Conjurations
  2167 | D:2      | Reached skill level 1 in Hexes
  2167 | D:2      | Reached skill level 1 in Summonings
  2167 | D:2      | Reached skill level 1 in Necromancy
  2167 | D:2      | Reached skill level 1 in Translocations
  2167 | D:2      | Reached skill level 1 in Transmutations
  2167 | D:2      | Reached skill level 1 in Fire Magic
  2167 | D:2      | Reached skill level 1 in Ice Magic
  2167 | D:2      | Reached skill level 1 in Air Magic
  2167 | D:2      | Reached skill level 1 in Earth Magic
  2167 | D:2      | Reached skill level 1 in Poison Magic
  2288 | D:2      | Killed Robin
  2309 | D:3      | Slain by a gnoll

Illustrated notes

Levels and vault maps discovered:
D:1:      amcnicky_arrival_flooded_fountain, layout_basic, dk_noncrumbling_4
D:2:      layout_loops_ring, basic_ecumenical_altar
D:3:      minmay_skewed_foursquare, layout_basic, mainiacjoe_overflow_brackets,
          mainiacjoe_overflow_catwalk, uniq_robin

Skill      XL: |  1  2  3  4 |
---------------+-------------+-----
Invocations    | 1 |  1.4
Short Blades   | 1 |  1.2
Long Blades    | 1 |  1.2
Maces & Flails | 1 |  1.2
Polearms       | 1 |  1.2
Staves         | 1 |  1.2
Slings         | 1 |  1.2
Bows           | 1 |  1.2
Crossbows      | 1 |  1.2
Throwing       | 1 |  1.2
Dodging        | 1 |  1.2
Stealth        | 1 |  1.2
Unarmed Combat | 1 |  1.2
Spellcasting   | 1 |  1.2
Evocations     | 1 |  1.2
Conjurations   | 1 |  1.0
Hexes          | 1 |  1.0
Summonings     | 1 |  1.0
Necromancy     | 1 |  1.0
Translocations | 1 |  1.0
Transmutations | 1 |  1.0
Fire Magic     | 1 |  1.0
Ice Magic      | 1 |  1.0
Air Magic      | 1 |  1.0
Earth Magic    | 1 |  1.0
Poison Magic   | 1 |  1.0
Fighting       | |  6.6
Axes           | |  4.7
Armour         | |  6.6
Shields        | |  6.6

Action                   |  1- 3 |  4- 6 || total
-------------------------+-------+-------++-------
Melee: War axe           |    14 |       ||    14
       Bite              |     8 |     6 ||    14
       Hand axe          |    73 |    33 ||   106
Armor: Scale mail        |    32 |    21 ||    53
Dodge: Dodged            |    33 |    22 ||    55
Block: Buckler           |    19 |    13 ||    32
